 Dungeon Crawl Stone Soup version 0.24.0-29-g8ce449bc06 (webtiles) character file.

Game seed: 780167675859910401, levelgen mode: deterministic

71755 DildoBatman the Thaumaturge (level 15, -2/115 HPs)
             Began as a Formicid Wizard on Nov 14, 2019.
             Was an Initiate of Gozag.
             Killed from afar by a rakshasa (28 damage)
             ... with an orb of energy
             ... on level 14 of the Dungeon.
             The game lasted 01:40:12 (24433 turns).

DildoBatman the Thaumaturge (Formicid Wizard)      Turns: 24433, Time: 01:40:13

Health: -2/115     AC: 11    Str: 10    XL:     15   Next: 83%
Magic:  17/32      EV: 22    Int: 24    God:    Gozag
Gold:   921        SH:  0    Dex: 11    Spells: 14/40 levels left

rFire    . . .     SeeInvis +   a - +9 trident (freeze)
rCold    + . .     Gourm    .   (no shield)
rNeg     . . .     Faith    .   o - +0 troll leather armour
rPois    .         Spirit   .   (helmet unavailable)
rElec    .         Reflect  .   w - +0 cloak {+Inv}
rCorr    .         Harm     .   n - +0 pair of gloves
MR       +....                  X - +1 pair of boots {run}
Stlth    ++........             m - amulet of magic regeneration
HPRegen  0.69/turn              W - +5 ring of evasion
MPRegen  0.48/turn              r - ring of wizardry

@: studying Necromancy, quick
A: permanent stasis, dig shafts and tunnels, four strong arms, antennae 3,
repulsion field 1, agile 1, cold resistance 1, weak 1
a: Dig, Shaft Self, Potion Petition, Call Merchant, Bribe Branch, Renounce
Religion, Evoke Invisibility


You were on level 14 of the Dungeon.
You worshipped Gozag.
Gozag was pleased with you.
You were full.

You visited 4 branches of the dungeon, and saw 24 of its levels.
You also visited: Volcano.

You collected 4945 gold pieces.
You spent 3274 gold pieces at shops.
You paid 750 gold pieces to Gozag.

Inventory:

Hand Weapons
 a - a +9 trident of freezing (weapon)
 c - a +0 hunting sling
 d - a +4 scimitar of flaming
 f - the +1 hand axe "Ultimatum" {speed, +Inv Int+4 Dex+2}
   (You found it on level 6 of the Lair of Beasts)

   Attacks with this weapon are significantly faster.
   It affects your intelligence (+4).
   It affects your dexterity (+2).
   It lets you turn invisible.
Missiles
 u - 134 sling bullets
 y - 368 arrows
 J - 155 bolts
 R - 2 throwing nets (quivered)
 Z - 5 javelins
Armour
 n - a +0 pair of gloves (worn)
 o - a +0 troll leather armour (worn)
 w - a +0 cloak of invisibility (worn)
 X - a +1 pair of boots of running (worn)
Jewellery
 j - a +6 ring of strength
 m - an amulet of magic regeneration (around neck)
 r - a ring of wizardry (right hand)
 t - an uncursed ring of wizardry
 B - an uncursed ring of fire
 W - a +5 ring of evasion (left hand)
 Y - an uncursed ring of protection from cold
Wands
 G - a wand of iceblast (11)
 M - a wand of acid (15)
 O - a wand of scattershot (4)
Scrolls
 h - 4 scrolls of noise {unknown}
 k - 4 scrolls of fear
 x - 17 scrolls of remove curse
 z - 3 scrolls of identify
 A - 5 scrolls of amnesia
 C - 3 scrolls of magic mapping
 H - 3 scrolls of enchant weapon
 I - a scroll of holy word {unknown}
 K - a scroll of fog {unknown}
 L - 3 scrolls of immolation {unknown}
 Q - 2 scrolls of acquirement {unknown}
 S - 5 scrolls of enchant armour {unknown}
 U - a scroll of brand weapon {unknown}
 V - a scroll of blinking {unknown}
Potions
 b - 4 potions of cancellation
 g - 4 potions of might
 i - 2 potions of agility
 p - 6 potions of brilliance
 q - 22 potions of curing
 s - 3 potions of magic
 D - 2 potions of invisibility
 E - 3 potions of resistance
 F - 2 potions of berserk rage {unknown}
 N - a potion of flight
 P - 2 potions of heal wounds
 T - 2 potions of ambrosia
Books
 e - a manual of Necromancy
Miscellaneous
 l - a phantom mirror
Comestibles
 v - 27 rations


   Skills:
 - Level 10.0 Fighting
 - Level 10.0 Armour
 - Level 8.0 Dodging
 - Level 2.4 Stealth
 - Level 13.1 Spellcasting
 - Level 6.1 Conjurations
   Level 1.0 Summonings
 - Level 12.9 Necromancy
   Level 0.8 Translocations
 - Level 5.1 Fire Magic
 - Level 5.1 Air Magic
 * Level 9.8 Earth Magic


You had 14 spell levels left.
You knew the following spells:

 Your Spells              Type           Power        Failure   Level  Hunger
a - Conjure Flame         Conj/Fire      #####...     1%          3    None
b - Borgnjor's Vile Clut  Necr/Erth      ######....   1%          5    ###....
c - Bolt of Draining      Conj/Necr      ######....   1%          5    ###....
d - Vampiric Draining     Necr           ######....   1%          3    None
e - Mephitic Cloud        Conj/Pois/Air  ####....     1%          3    None
h - Dispel Undead         Necr           ######..     1%          5    ###....
z - Sublimation of Blood  Necr           ######....   1%          2    None

Your spell library contained the following spells:

 Spells                   Type           Power        Failure   Level  Hunger
 Animate Skeleton         Necr           N/A          1%          1    None
 Apportation              Tloc           ###...       1%          1    None
 Confusing Touch          Hex            ###...       1%          1    None
 Freeze                   Ice            ###.         1%          1    None
 Magic Dart               Conj           ####         1%          1    None
 Pain                     Necr           ####         1%          1    None
 Summon Small Mammal      Summ           ###.         1%          1    None
 Call Imp                 Summ           ###.....     1%          2    None
 Throw Frost              Conj/Ice       ####..       1%          2    None
 Dazzling Spray           Conj/Hex       ####..       1%          3    None
 Animate Dead             Necr           N/A          1%          4    None
 Death Channel            Necr           ######....   1%          6    #####..
 Ensorcelled Hibernation  Hex/Ice        ###...       3%          2    None
 Slow                     Hex            ###.....     3%          2    None
 Recall                   Summ/Tloc      N/A          4%          3    None
 Excruciating Wounds      Chrm/Necr      #####.....   4%          5    ###....
 Ozocubu's Armour         Chrm/Ice       ###.....     6%          3    None
 Throw Icicle             Conj/Ice       ####....     6%          4    None
 Summon Ice Beast         Ice/Summ       ###.....     16%         4    None
 Simulacrum               Ice/Necr       #####.....   21%         6    #####..
 Yara's Violent Unravell  Hex/Tmut       ###.......   45%         5    ###....
 Borgnjor's Revivificati  Necr           ######....   52%         8    #######
 Infestation              Necr           ######....   52%         8    #######
 Haunt                    Necr/Summ      #####.....   65%         7    ######.
 Death's Door             Chrm/Necr      #####.....   100%        8    #######
 Discord                  Hex            ###.......   100%        8    #######
 Necromutation            Tmut/Necr      #####.....   100%        8    #######
 Blink                    Tloc           Unusable     N/A         2    N/A

Dungeon Overview and Level Annotations

Branches:
Dungeon (15/15)            Temple (1/1) D:4            Lair (6/6) D:11
  Swamp (0/4) Lair:3        Snake (0/4) Lair:4        Slime (0/5) Lair:5
    Orc (2/2) D:12            Elf (0/3) Orc:2        Vaults (0/5) D:14
Volcano (visited)
 Depths: D:15

Altars:
Ashenzari
Cheibriados
Dithmenos
Elyvilon
Fedhas
Gozag
Hepliaklqana
Kikubaaqudgha
Makhleb
Nemelex Xobeh
Okawaru
Qazlal
Ru
Sif Muna
Trog
Uskayaw
Vehumet
Wu Jian
Xom
Yredelemnul
Zin
The Shining One

Shops:
D:5 :*!!   D:10 *   D:11 =(*!   D:14 *   Orc:1 (   Orc:2 [=!


Innate Abilities, Weirdness & Mutations

You cannot be hasted, slowed, berserked, paralysed or teleported.
You can dig through walls and to a lower floor.
Your four strong arms can wield two-handed weapons with a shield.
You have a pair of large antennae on your head. (SInv)
You are surrounded by a mild repulsion field. (EV +2)
You are agile. (Dex +2)
Your flesh is cold resistant. (rC+)
You are weak. (Str -2)


Message History

You kill the rakshasa!
The rakshasa closely misses you.
You puncture the rakshasa! You freeze the rakshasa.
The rakshasa is severely wounded.
The rakshasa gestures at you. The orb of energy hits you!!
The orb of energy explodes!
Casting: Borgnjor's Vile Clutch (safe; 1% risk of failure)
Confirm with . or Enter, or press ? or * to list all spells.
Aiming: Borgnjor's Vile Clutch (safe; 1% risk of failure)
Press: ? - help, Dir - move target cursor, f - rakshasa
Aim: a rakshasa, wielding a +0 trident and wearing a +0 robe (severely wounded) Decaying hands burst forth from the earth!
Zombie hands grab the rakshasa.
The zombie hands constrict the rakshasa.
The rakshasa gestures at you. The orb of energy hits you!!
You die...
Your body crumbles into a pile of gold.

#############
#...........#
#...........#
#[..........####
#............#@#
#...........#R##
#...........######
###........R..#....#
..............#)...###
........#######......###
........#..........#...#
........#............#.#
........'..........#...#


You could see a rakshasa.

Vanquished Creatures
  Jorgrun (Orc:2)
  Gastronok (D:11)
  Josephine (Orc:1)
  Erolcha (Orc:2)
  2 vault guards (D:14)
  3 hydras
  Erica (D:11)
  An orc high priest (Orc:2)
  Nergalle (Lair:2)
  Sonja (D:11)
  2 wizards (D:14)
  2 unseen horrors
  An orc knight (Orc:1)
  2 necromancers (D:14)
  2 deep elf magi (Orc:1)
  A lindwurm (Lair:3)
  5 orc sorcerers
  An ugly thing (D:13)
  4 cyclopes
  4 elephants (Lair:6)
  Maurice (D:13)
  2 black mambas
  A centaur zombie (D:9)
  An ice statue (D:9)
  A torpor snail (Lair:6)
  26 spiny frogs
  A torpor snail (shapeshifter) (D:13)
  2 efreet
  2 rime drakes
  6 komodo dragons
  A death yak skeleton (Lair:6)
  A hydra zombie (D:9)
  7 trolls
  3 meliai (D:13)
  4 tyrant leeches (Lair:6)
  A polar bear (Lair:4)
  3 bog bodies (Lair:3)
  2 hornets
  5 hippogriffs
  28 blink frogs
  The ghost of PentaManta the Sneak, an amateur OpAs of Uskayaw (D:3)
  5 wraiths
  59 yaks
  4 water elementals (D:13)
  A vampire (D:13)
  2 wyverns
  19 humans (D:14)
  3 fire elementals (Volcano)
  2 black mamba skeletons
  6 vampire mosquitoes (Lair:6)
  2 basilisks
  A human zombie (D:13)
  2 swamp worms (Lair:3)
  A warg (Orc:1)
  2 soldier ants (D:12)
  16 water moccasins
  3 spiny frog zombies (Lair:6)
  A swamp drake (Orc:1)
  7 porcupines
  2 black bears
  4 ice beasts
  A lindwurm zombie (Volcano)
  14 orc warriors
  3 phantoms
  An eye of draining (D:14)
  7 sky beasts
  5 spiny frog skeletons
  4 boggarts (D:14)
  2 necrophages
  24 wolves
  5 ogres
  A blink frog skeleton (Lair:4)
  9 crocodiles
  7 centaurs
  3 big kobolds
  A yaktaur zombie (D:13)
  A komodo dragon zombie (D:13)
  25 bullfrogs
  A rime drake skeleton (Lair:6)
  A komodo dragon skeleton (Lair:4)
  3 cyclops zombies
  A wyvern zombie (D:13)
  2 water moccasin zombies (Lair:6)
  3 scorpions
  14 killer bees
  2 water moccasin skeletons
  11 wights
  2 yak skeletons (Lair:6)
  A yak zombie (Lair:6)
  2 electric eels
  2 howler monkeys
  11 crimson imps
  A wolf zombie (Lair:6)
  2 bullfrog zombies
  A quasit (D:13)
  An iron imp (Orc:1)
  A gnoll shaman (D:10)
  3 hounds
  6 jellies
  22 orc priests
  32 orc wizards
  2 bullfrog skeletons
  A centaur skeleton (D:8)
  6 iguanas
  4 hell rats (Lair:5)
  Terence (D:2)
  13 worker ants
  A crocodile zombie (Lair:6)
  A hound zombie (D:8)
  4 hound skeletons
  Robin (D:1)
  2 howler monkey zombies
  8 gnolls
  2 howler monkey skeletons
  23 adders
  2 shadow imps
  A white imp (Orc:1)
  4 oozes
  2 adder skeletons
  6 worms
  2 dart slugs
  9 leopard geckos
  65 orcs
  A bat skeleton (D:2)
  A bat zombie (D:2)
  2 giant cockroaches
  14 goblins
  9 hobgoblins
  6 jackals
  15 kobolds
  2 quokkas
  6 ball pythons
  9 bats
  6 frilled lizards
  A giant cockroach zombie (D:6)
  A hobgoblin zombie (D:13)
  A jackal zombie (D:3)
  A leopard gecko zombie (D:2)
  11 rats
  A butterfly (D:4)
763 creatures vanquished.

Vanquished Creatures (others)
  A bullfrog (Lair:2)
  An electric eel (Lair:6)
  An orc wizard (Orc:2)
  3 orcs
  A jackal (D:6)
  16 fungi
  52 plants
75 creatures vanquished.

Grand Total: 838 creatures vanquished

Notes
Turn   | Place    | Note
-------+----------+-------------------------------------------
     0 | D:1      | DildoBatman the Formicid Wizard began the quest for the
                  | Orb.
     0 | D:1      | Reached XP level 1. HP: 13/13 MP: 4/4
    43 | D:1      | Reached skill level 1 in Conjurations
   195 | D:1      | Reached XP level 2. HP: 15/19 MP: 0/6
   728 | D:1      | Reached XP level 3. HP: 24/24 MP: 2/7
   733 | D:1      | Learned a level 3 spell: Conjure Flame
   737 | D:1      | Learned a level 3 spell: Mephitic Cloud
  1222 | D:2      | Noticed Robin
  1680 | D:2      | Reached XP level 4. HP: 20/30 MP: 6/8
  1998 | D:2      | Found an opulent altar of Gozag.
  2375 | D:2      | Reached XP level 5. HP: 27/35 MP: 4/9
  2497 | D:2      | Found a hide-covered altar of Uskayaw.
  3222 | D:3      | Reached XP level 6. HP: 37/41 MP: 0/10
  3233 | D:3      | Found a blossoming altar of Fedhas.
  3356 | D:3      | Reached skill level 5 in Conjurations
  3432 | D:3      | Noticed Terence
  3599 | D:3      | Found a runed translucent door.
  3600 | D:3      | Noticed PentaManta's ghost (amateur OpAs)
  3811 | D:4      | Noticed an ogre
  4651 | D:4      | Found a staircase to the Ecumenical Temple.
  4660 | Temple   | Entered the Ecumenical Temple
  4978 | Temple   | Became a worshipper of Kikubaaqudgha
  5066 | D:4      | Found a snail-covered altar of Cheibriados.
  5184 | D:5      | Entered Level 5 of the Dungeon
  5219 | D:5      | Reached XP level 7. HP: 40/46 MP: 7/11
  5305 | D:5      | Reached skill level 1 in Fire Magic
  5330 | D:5      | Reached skill level 1 in Air Magic
  5341 | D:5      | Found Ytruusel's Distillery.
  5349 | D:5      | Bought a potion of degeneration for 13 gold pieces
  5431 | D:5      | Found Veacem's Book Emporium.
  5600 | D:5      | Found Dyich's Assorted Antiques.
  5607 | D:5      | Bought a scroll labeled POUBBI REMI for 19 gold pieces
  5607 | D:5      | Bought a murky white potion for 17 gold pieces
  5707 | D:5      | Found Siferin's Distillery.
  5846 | D:2      | Killed Terence
  5883 | D:1      | Killed Robin
  6056 | D:6      | Reached XP level 8. HP: 42/52 MP: 5/12
  6448 | D:6      | Reached * piety under Kikubaaqudgha
  6448 | D:6      | Identified Kikubaaqudgha's Grimoire of Evil Magic
                  | (Kikubaaqudgha gifted it to you on level 6 of the Dungeon)
  6448 | D:6      | Received a gift from Kikubaaqudgha
  6453 | D:6      | Learned a level 2 spell: Sublimation of Blood
  6457 | D:6      | Learned a level 3 spell: Vampiric Draining
  6570 | D:6      | Reached skill level 5 in Fire Magic
  6767 | D:7      | Reached skill level 1 in Necromancy
  6767 | D:7      | Reached XP level 9. HP: 51/57 MP: 6/13
  6960 | D:7      | Found a radiant altar of Vehumet.
  6988 | D:7      | Reached skill level 5 in Air Magic
  7363 | D:7      | Found a stormy altar of Qazlal.
  7364 | D:7      | Found a white marble altar of Elyvilon.
  7477 | D:8      | Reached skill level 5 in Necromancy
  7528 | D:8      | Noticed a hippogriff
  7552 | D:8      | Killed a hippogriff
  7606 | D:8      | Noticed a hornet
  7685 | D:8      | Killed a hornet
  7732 | D:8      | Reached ** piety under Kikubaaqudgha
  7754 | D:8      | Reached XP level 10. HP: 45/63 MP: 7/14
  8362 | D:9      | Reached skill level 4 in Spellcasting
  8439 | D:9      | Found a glowing golden altar of the Shining One.
  8558 | D:9      | Noticed an ice statue
  8696 | D:9      | Reached skill level 5 in Spellcasting
  8739 | D:9      | Identified the Catalogue of Bewitching Black Rites
  8902 | D:9      | Reached skill level 6 in Spellcasting
  9344 | D:10     | Entered Level 10 of the Dungeon
  9459 | D:9      | Reached *** piety under Kikubaaqudgha
  9459 | D:9      | Identified Kikubaaqudgha's Incunabulum of Evil Secrets
                  | (Kikubaaqudgha gifted it to you on level 9 of the Dungeon)
  9459 | D:9      | Received a gift from Kikubaaqudgha
  9459 | D:9      | Reached skill level 7 in Spellcasting
  9467 | D:9      | Learned a level 5 spell: Dispel Undead
  9473 | D:9      | Learned a level 5 spell: Bolt of Draining
  9515 | D:10     | Got a bloodstained ring mail
  9538 | D:10     | Reached skill level 1 in Fighting
  9538 | D:10     | Reached skill level 1 in Armour
  9578 | D:10     | Reached XP level 11. HP: 49/70 MP: 4/21
  9820 | D:10     | Noticed an unseen horror
  9826 | D:10     | Killed an unseen horror
  9940 | D:10     | Found Gijifusi's General Store.
 10140 | D:10     | Identified the cursed +0 ring mail of Too Many Cooks
                  | {Dex+3} (You found it on level 10 of the Dungeon)
 10245 | D:11     | Noticed Erica
 10262 | D:11     | Killed Erica
 10285 | D:11     | Noticed Gastronok
 10482 | D:11     | Found Kuunol's Jewellery Emporium.
 10520 | D:11     | Reached skill level 5 in Fighting
 10524 | D:11     | Reached skill level 5 in Armour
 10558 | D:11     | Reached **** piety under Kikubaaqudgha
 10576 | D:11     | Noticed an unseen horror
 10595 | D:11     | Killed an unseen horror
 10624 | D:11     | Reached skill level 5 in Dodging
 10741 | D:11     | Found Amuywapo's Weapon Boutique.
 10793 | D:11     | Noticed Sonja
 10802 | D:11     | Killed Sonja
 10802 | D:11     | Reached XP level 12. HP: 88/88 MP: 9/22
 10854 | D:11     | Found Hehinlal's General Store.
 10879 | D:11     | Found a staircase to the Lair.
 11197 | D:11     | Found Ixasueff's Distillery.
 11254 | D:12     | Noticed a seven-headed hydra
 11267 | D:12     | Killed a six-headed hydra
 11692 | D:12     | Noticed a seven-headed hydra
 11709 | D:12     | Killed a seven-headed hydra
 11931 | D:12     | Found a staircase to the Orcish Mines.
 12249 | Orc:1    | Entered Level 1 of the Orcish Mines
 12376 | Orc:1    | Noticed Josephine
 12391 | Orc:1    | Reached ***** piety under Kikubaaqudgha
 12618 | Orc:1    | Found the -2 hat of the Alchemist {rElec rPois rF+ rC+ rN+
                  | MR+ rMut rCorr}
 12881 | Orc:1    | Killed Josephine
 13088 | Orc:2    | Entered Level 2 of the Orcish Mines
 13094 | Orc:2    | Noticed Jorgrun
 13210 | D:11     | Killed Gastronok
 13210 | D:11     | Reached XP level 13. HP: 101/101 MP: 3/23
 13256 | Lair:1   | Entered Level 1 of the Lair of Beasts
 14193 | Lair:2   | Reached skill level 10 in Fighting
 14193 | Lair:2   | Reached skill level 10 in Armour
 14293 | Lair:2   | Reached skill level 10 in Necromancy
 14452 | Lair:2   | Noticed Nergalle
 14489 | Lair:2   | Killed Nergalle
 15061 | Lair:3   | Found a staircase to the Swamp.
 15724 | Lair:4   | Found a staircase to the Snake Pit.
 15752 | Lair:4   | Reached ****** piety under Kikubaaqudgha
 15823 | Lair:2   | Received a gift from Kikubaaqudgha
 15829 | Lair:2   | Fell from the grace of Kikubaaqudgha
 16089 | D:2      | Became a worshipper of Gozag Ym Sagoz the Greedy
 16180 | D:3      | Killed PentaManta's ghost
 16500 | Lair:4   | Reached XP level 14. HP: 107/110 MP: 24/24
 16804 | Lair:4   | HP: 5/110 [komodo dragon skeleton[the malice of
                  | Kikubaaqudgha] (20)]
 17235 | Lair:5   | Found a staircase to the Slime Pits.
 17568 | Lair:5   | Reached skill level 8 in Spellcasting
 18161 | Lair:6   | Entered Level 6 of the Lair of Beasts
 18194 | Lair:6   | Found a dark tunnel.
 18220 | Volcano  | Entered a volcano
 18239 | Volcano  | Identified a +1 pair of boots of running (You found it in a
                  | volcano)
 18542 | Lair:6   | Reached skill level 9 in Spellcasting
 18642 | Lair:6   | Reached skill level 10 in Spellcasting
 18900 | Lair:6   | Reached skill level 11 in Spellcasting
 18966 | Lair:6   | HP: 5/110 [spiny frog skeleton[the malice of Kikubaaqudgha]
                  | (13)]
 19169 | Lair:6   | Got an ivory hand axe
 19281 | Lair:6   | Noticed a reaper
 19404 | Lair:6   | Reached skill level 12 in Spellcasting
 19574 | Lair:6   | Reached XP level 15. HP: 93/115 MP: 22/31
 19779 | Lair:6   | Identified the cursed +1 hand axe "Ultimatum" {speed, +Inv
                  | Int+4 Dex+2} (You found it on level 6 of the Lair of
                  | Beasts)
 20280 | D:13     | Noticed Maurice
 20291 | D:13     | Killed Maurice
 20674 | D:13     | Reached skill level 13 in Spellcasting
 21578 | D:5      | Bought a book of Unlife for 910 gold pieces
 21585 | D:5      | Learned a level 5 spell: Borgnjor's Vile Clutch
 21691 | D:9      | Reached skill level 1 in Earth Magic
 21711 | D:9      | Was forgiven by Kikubaaqudgha
 21906 | Orc:1    | Found Iwnoam's Weapon Shop.
 21972 | Orc:2    | Found a staircase to the Elven Halls.
 22105 | Orc:2    | Noticed Erolcha
 22127 | Orc:2    | Killed Erolcha
 22143 | Orc:2    | Found a burning altar of Makhleb.
 22246 | Orc:2    | Killed Jorgrun
 22401 | Orc:2    | Reached skill level 5 in Earth Magic
 22649 | Orc:2    | Found Foatik's Assorted Antiques.
 22650 | Orc:2    | Found Funne's Distillery.
 22659 | Orc:2    | Found Okutrad's Jewellery Shoppe.
 22661 | Orc:2    | Found Teimas's Armour Emporium.
 23074 | Orc:2    | Bought a potion of mutation for 136 gold pieces
 23074 | Orc:2    | Bought a potion of ambrosia for 136 gold pieces
 23074 | Orc:2    | Bought a potion of curing for 51 gold pieces
 23074 | Orc:2    | Bought a potion of magic for 136 gold pieces
 23074 | Orc:2    | Bought 2 potions of brilliance for 136 gold pieces
 23074 | Orc:2    | Bought a potion of curing for 51 gold pieces
 23074 | Orc:2    | Bought a potion of brilliance for 68 gold pieces
 23076 | Orc:2    | Gained mutation: Your spells are a little easier to cast,
                  | but a little less powerful. [potion of mutation]
 23076 | Orc:2    | Gained mutation: You have sharp fingernails. [potion of
                  | mutation]
 23212 | D:10     | Bought a potion of curing for 39 gold pieces
 23212 | D:10     | Bought a scroll of identify for 26 gold pieces
 23264 | D:11     | Bought a scroll of identify for 30 gold pieces
 23292 | D:11     | Bought a potion of cancellation for 96 gold pieces
 23292 | D:11     | Bought a potion of curing for 36 gold pieces
 23292 | D:11     | Bought a potion of agility for 48 gold pieces
 23292 | D:11     | Bought a potion of curing for 36 gold pieces
 23292 | D:11     | Bought a potion of curing for 36 gold pieces
 23292 | D:11     | Bought a potion of curing for 36 gold pieces
 23292 | D:11     | Bought 2 potions of curing for 72 gold pieces
 23292 | D:11     | Bought a potion of agility for 48 gold pieces
 23411 | D:5      | Bought a potion of might for 52 gold pieces
 23411 | D:5      | Bought a potion of curing for 39 gold pieces
 23411 | D:5      | Bought a potion of curing for 39 gold pieces
 23411 | D:5      | Bought a potion of curing for 39 gold pieces
 23411 | D:5      | Bought a potion of curing for 39 gold pieces
 23411 | D:5      | Bought a potion of ambrosia for 104 gold pieces
 23411 | D:5      | Bought a potion of brilliance for 52 gold pieces
 23446 | D:5      | Bought a potion of curing for 42 gold pieces
 23446 | D:5      | Bought 2 potions of invisibility for 224 gold pieces
 23446 | D:5      | Bought a potion of heal wounds for 70 gold pieces
 23446 | D:5      | Bought a potion of heal wounds for 70 gold pieces
 23446 | D:5      | Bought a potion of magic for 112 gold pieces
 23446 | D:5      | Bought a potion of cancellation for 112 gold pieces
 23822 | D:14     | Found Fuwyo's General Store.
 23830 | D:14     | Bought a potion of cancellation for 104 gold pieces
 24080 | D:14     | Lost mutation: You have sharp fingernails. [potion of
                  | mutation]
 24080 | D:14     | Lost mutation: Your spells are a little easier to cast, but
                  | a little less powerful. [potion of mutation]
 24080 | D:14     | Gained mutation: You are surrounded by a mild repulsion
                  | field. (EV +2) [potion of mutation]
 24080 | D:14     | Gained mutation: You are weak. (Str -2) [potion of
                  | mutation]
 24080 | D:14     | Gained mutation: You are agile. (Dex +2) [potion of
                  | mutation]
 24080 | D:14     | Gained mutation: Your flesh is cold resistant. (rC+)
                  | [potion of mutation]
 24274 | D:14     | Found a gate to the Vaults.
 24413 | D:15     | Entered Level 15 of the Dungeon
 24433 | D:14     | Killed from afar by a rakshasa

Levels and vault maps discovered:
D:1:      evilmike_arrival_run_for_it, layout_basic, minmay_split_cup_small
D:2:      layout_rooms, eat_drink_and_be_merry_uskayaw,
          lemuel_coloured_pillars_altar, serial_undead, serial_undead_d,
          serial_undead_e, serial_undead_e, serial_undead_c, serial_undead_e,
          serial_undead_c, uniq_robin
D:3:      layout_rooms, lemuel_doored_altar, ebering_ghost_reflecting_pool,
          kennysheep_generic_room_7, uniq_terence
D:4:      layout_basic, minmay_temple_entry_butterflies, fountainhead,
          kennysheep_slug_shrine
D:5:      layout_gridville, first_ration, serial_shops, shop_fountains, shop,
          nicolae_shop_trees, nicolae_shop_temple_entry_statues_fountains
D:6:      layout_loops_ring
D:7:      layout_basic, chequers_temple_overflow_statue_of_worship,
          lemuel_crystal_altar, minmay_lizard_king
D:8:      layout_rooms
D:9:      layout_gridville, tso_metal_star, blue_anna_alchemist
          [blue_anna_fruit_fields, blue_anna_fruit_fields], minivault_16,
          nicolae_straight_to_the_point
D:10:     layout_gridville, serial_shops, kennysheep_mini, st_stairs_1
D:11:     layout_basic, lair_entry_dummy, serial_shops, shop, shop_statue,
          kennysheep_little_box, nicolae_shop_window_shopping, uniq_gastronok,
          uniq_erica, uniq_sonja
D:12:     layout_basic, david_orc_3
D:13:     layout_basic, uniq_maurice
D:14:     layout_gridville, grunt_vaults_entry_tiered, serial_shops, shop,
          chequers_jeans, minmay_misc_feat_pillars
D:15:     grunt_enter_depths_snipers, layout_layer_cave,
          gammafunk_ghost_stat_death, abandoned_shop, enter_trove_2, uniq_kirke
Temple:   regret_index_temple_waves
Lair:1:   layout_gridlike, infiniplex_staircase_pool_2
Lair:2:   layout_cave_pods, st_stairs_13, beast_lair_carwin_6, uniq_nergalle
Lair:3:   layout_chaotic_city, nicolae_swamp_entry_splash_gauntlet, uniq_rupert
Lair:4:   layout_gridlike, minmay_snake_entry_six_corridors, grunt_megastairs_2
Lair:5:   layout_cave_pods, nicolae_slime_entry_slimehenge,
          infiniplex_staircase_pool
Lair:6:   minmay_lair_end_frog_pond, layout_gridlike,
          nicolae_volcano_entry_hallway
Orc:1:    layout_diamond_mine, serial_shops, shop, hangedman_minor_magic,
          uniq_josephine
Orc:2:    st_orc_mages, layout_diamond_mine, basic_altar, uniq_erolcha,
          uniq_jorgrun

Skill      XL: |  1  2  3  4  5  6  7  8  9 10 11 12 13 14 15 |
---------------+----------------------------------------------+-----
Conjurations   | 1 2 3 4 6 |  6.1
Fire Magic     | 3 5 |  5.1
Air Magic      | 2 4 5 |  5.1
Necromancy     | 1 7 9 11 12 | 12.9
Spellcasting   | 7 12 13 | 13.1
Dodging        | 2 5 7 8 |  8.0
Fighting       | 1 6 9 10 | 10.0
Armour         | 1 6 9 10 | 10.0
Earth Magic    | 9 |  9.8
Stealth        | |  2.4
Summonings     | |  1.0
Translocations | |  0.8

Action                   |  1- 3 |  4- 6 |  7- 9 | 10-12 | 13-15 || total
-------------------------+-------+-------+-------+-------+-------++-------
Melee: Dagger            |     4 |       |       |       |       ||     4
       Short sword       |    11 |    49 |       |       |       ||    60
       Whip              |       |    41 |   214 |    89 |       ||   344
       War axe           |       |       |    11 |       |       ||    11
       Trident           |       |       |    48 |   190 |   907 ||  1145
       Spear             |       |       |       |   265 |       ||   265
       Mace              |       |       |       |    13 |       ||    13
       Scimitar          |       |       |       |     3 |       ||     3
 Fire: Hunting sling     |       |       |     1 |       |       ||     1
Throw: Boomerang         |       |       |       |       |     6 ||     6
 Cast: Magic Dart        |    75 |   155 |    42 |    88 |    25 ||   385
       Mephitic Cloud    |     1 |     5 |    29 |    62 |    76 ||   173
       Conjure Flame     |       |     3 |    21 |    88 |    93 ||   205
       Vampiric Draining |       |       |     2 |    38 |   100 ||   140
       Dispel Undead     |       |       |       |    10 |    24 ||    34
       Sublimation of Bl |       |       |       |     2 |     1 ||     3
       Bolt of Draining  |       |       |       |    15 |    34 ||    49
       Borgnjor's Vile C |       |       |       |       |    45 ||    45
Invok: Receive Necronomi |       |       |       |       |     1 ||     1
       Renounce Religion |       |       |       |       |     1 ||     1
 Abil: Dig               |     1 |     4 |    13 |    30 |    48 ||    96
Evoke: Wand              |       |       |       |     3 |     4 ||     7
  Use: Scroll            |       |     5 |     2 |     5 |    11 ||    23
       Potion            |       |       |       |       |     7 ||     7
 Stab: Sleeping          |     2 |       |       |     2 |       ||     4
       Confused          |     1 |     2 |     8 |    21 |    25 ||    57
       Distracted        |       |       |       |       |     4 ||     4
  Eat: Chunk             |     1 |    13 |    16 |    29 |    13 ||    72
       Ration            |       |       |       |       |    14 ||    14
Armor: Robe              |    16 |    17 |       |       |       ||    33
       Leather armour    |       |     5 |    61 |    56 |       ||   122
       Troll leather arm |       |       |       |    26 |   161 ||   187
Dodge: Dodged            |    45 |    70 |   119 |   197 |   681 ||  1112
